 Dungeon Crawl Stone Soup version 0.27-a0-773-gaaee5cf45b (webtiles) character file.

Game seed: 15006682031339795916

157 robertstho the Magician (level 5, -3/37 HPs)
             Began as a Djinni Fire Elementalist on Mar 25, 2021.
             Slain by Blork the orc
             ... wielding a +1 vampiric trident
              (6 damage)
             ... on level 4 of the Dungeon.
             The game lasted 00:04:35 (4311 turns).

robertstho the Magician (Djinni Fire Elementalist)  Turns: 4311, Time: 00:04:36

Health: -3/37      AC:  3    Str:  7    XL:     5   Next: 38%
Gold:   94         EV: 12    Int: 18    God:
                   SH:  0    Dex: 13

rFire    + + +     SeeInvis +   d - +1 dagger (protect)
rCold    x x .     Faith    .   (no shield)
rNeg     . . .     Spirit   .   a - +0 robe
rPois    ∞         Reflect  .   j - +0 helmet
rElec    .         Harm     .   (no cloak)
rCorr    .         Rampage  .   (no gloves)
Will     .....                  (boots unavailable)
Stlth    ++........             (no amulet)
HPRegen  0.12/turn              h - ring of fire
MPRegen  0.00/turn              e - ring of see invisible

@: flying
A: fire resistance 2, cold vulnerability 1, float, innate caster, hp casting,
extra vitality 1
a: no special abilities


You were on level 4 of the Dungeon.
You visited 1 branch of the dungeon, and saw 4 of its levels.

You collected 94 gold pieces.

Inventory:

Hand Weapons
 c - a +0 vorpal short sword
 d - a +1 dagger of protection (weapon)
Missiles
 i - 4 javelins
Armour
 a - a +0 robe (worn)
 j - a +0 helmet (worn)
Jewellery
 e - a ring of see invisible (left hand)
 h - a ring of fire (right hand)
Wands
 l - a wand of iceblast (12)
Scrolls
 b - a scroll of noise {unknown}
 g - a scroll of blinking
 k - a scroll of summoning {unknown}
Potions
 f - a potion of heal wounds
 m - 2 potions of curing {unknown}


   Skills:
 * Level 1.2 Fighting
 + Level 2.2 Dodging
 + Level 2.1 Stealth
 * Level 4.6 Spellcasting


You couldn't memorise any spells.
You knew the following spells:

 Your Spells              Type           Power      Damage    Failure   Level
a - Foxfire               Conj/Fire      100%       2x1d9     1%          1
b - Conjure Flame         Conj/Fire      31%        6-21      6%          3
c - Inner Flame           Hex/Fire       31%        N/A       6%          3
d - Sticky Flame          Conj/Fire      31%        2d5       21%         4
e - Fireball              Conj/Fire      15%        3d8       50%         5
f - Magic Dart            Conj           80%        1d7       1%          1
g - Blink                 Tloc           N/A        N/A       3%          2
Your spell library was empty.

Dungeon Overview and Level Annotations

Branches:
Dungeon (4/15)
 Temple: D:4-7

Altars:
Dithmenos
Fedhas

Shops:
D:3 [

Annotations:
D:3 exclusion: oklob plant
D:4 2 transporters, Blork the orc; spiderkeys's ghost, novice MiBe


Innate Abilities, Weirdness & Mutations

You are immune to poison.
Your flesh is very heat resistant. (rF++)
You are vulnerable to cold. (rC-)
You float through the air rather than walking.
You learn spells naturally, not from books.
Your magical power is your life essence.
You have superior vitality. (+4 HP)


Message History

Blork the orc is lightly wounded.
The foxfire hits Blork the orc.
Blork the orc is lightly wounded.
Casting: Foxfire (safe; 1% risk of failure)
Confirm with . or Enter, or press ? or * to list all spells.
You feel a surge of power!
You conjure some foxfire!
Blork the orc barely misses you.
The foxfire hits Blork the orc.
Blork the orc is moderately wounded.
The foxfire hits Blork the orc.
Blork the orc is heavily wounded.
Blork the orc hits you from afar with a +1 vampiric trident!
Blork the orc gestures at you while chanting.
The puff of frost hits you!
You feel a terrible chill!
Casting: Foxfire (safe; 1% risk of failure)
Confirm with . or Enter, or press ? or * to list all spells.
You feel a surge of power!
You conjure some foxfire!
Blork the orc closely misses you.
The foxfire hits Blork the orc but does no damage.
Blork the orc is moderately wounded.
Blork the orc hits you from afar with a +1 vampiric trident!
The foxfire hits Blork the orc.
Blork the orc is heavily wounded.
Blork the orc points at you and mumbles some strange words.
The puff of flame hits you. You resist.
* * * LOW HITPOINT WARNING * * *
Casting: Foxfire (safe; 1% risk of failure)
Confirm with . or Enter, or press ? or * to list all spells.
You feel a surge of power!
You conjure some foxfire!
* * * LOW HITPOINT WARNING * * *
Blork the orc closely misses you.
The foxfire hits Blork the orc.
Blork the orc is severely wounded.
The foxfire hits Blork the orc.
Blork the orc is almost dead.
Blork the orc gestures at you while chanting.
The magic dart hits you!
* * * LOW HITPOINT WARNING * * *
Blork the orc hits you from afar with a +1 vampiric trident.
You die...

###..##..##..#
###..###+##..##
#(...#........#
#....#........#
#....'........#
#....#........# .
##.....)..##.###### ...
###########'##...##.....
#.....@.o......
#.......#......
#.......# .....
##....### .### ###### #


You could see Blork the orc (fast).

Vanquished Creatures
  Natasha (twice) (D:3)
  Robin (D:2)
  3 adders
  An adder zombie (D:3)
  4 orcs
  3 bats
  An endoplasm (D:1)
  2 giant cockroaches
  14 goblins
  11 hobgoblins
  6 kobolds
  2 quokkas
  2 ball pythons (D:3)
  6 frilled lizards
  4 rats
62 creatures vanquished.

Vanquished Creatures (others)
  216 foxfires
  14 fungi (D:3)
  26 plants (D:3)
256 creatures vanquished.

Grand Total: 318 creatures vanquished

Notes
Turn   | Place    | Note
-------+----------+-------------------------------------------
     0 | D:1      | robertstho the Djinni Fire Elementalist began the quest for
                  | the Orb.
     0 | D:1      | Reached XP level 1. HP: 15/15 MP: 0/0
   204 | D:1      | Reached skill level 3 in Spellcasting
   291 | D:1      | Reached XP level 2. HP: 20/21 MP: 0/0
  1375 | D:2      | Reached XP level 3. HP: 16/26 MP: 0/0
  1375 | D:2      | Learned a level 1 spell: Magic Dart
  1681 | D:2      | Noticed Robin
  1690 | D:2      | Killed Robin
  1691 | D:2      | Reached skill level 1 in Fighting
  1691 | D:2      | Reached XP level 4. HP: 21/32 MP: 0/0
  1750 | D:2      | Reached skill level 4 in Spellcasting
  3110 | D:3      | Found Ofutz's Armour Emporium.
  3146 | D:3      | Found a blossoming altar of Fedhas.
  3166 | D:3      | Noticed an oklob plant
  3305 | D:3      | Noticed Natasha
  3316 | D:3      | Killed Natasha
  3491 | D:3      | Reached XP level 5. HP: 36/37 MP: 0/0
  3491 | D:3      | Learned a level 2 spell: Blink
  3713 | D:3      | Noticed Natasha
  3717 | D:3      | Killed Natasha
  3880 | D:4      | Found a shadowy altar of Dithmenos.
  3963 | D:4      | Found a transporter.
  3964 | D:4      | Found a transporter.
  3964 | D:4      | Noticed spiderkeys's ghost (novice MiBe)
  3964 | D:4      | Noticed an ogre
  3969 | D:4      | Noticed an ogre
  4300 | D:4      | Noticed Blork the orc
  4311 | D:4      | Slain by Blork the orc

Illustrated notes

Levels and vault maps discovered:
D:1:      dpeg_arrival_stone_temple_mockup, layout_loops_corners
D:2:      layout_basic, uniq_robin
D:3:      layout_loops_ring, serial_shops, nicolae_shop_crystal,
          chequers_serial_rivers_small_b, hangedman_decor_growths,
          minmay_misc_feat_tiny, tgw_fedhas, uniq_natasha
D:4:      layout_gridville, old_standard_altar, gammafunk_ghost_smash,
          uniq_blork_the_orc

Skill      XL: |  1  2  3  4  5 |
---------------+----------------+-----
Spellcasting   | 3 4 |  4.6
Fighting       | 1 |  1.2
Stealth        | 2 |  2.1
Dodging        | |  2.2

Action                   |  1- 3 |  4- 6 || total
-------------------------+-------+-------++-------
 Cast: Foxfire           |    48 |    77 ||   125
  Use: Scroll            |       |     4 ||     4
       Potion            |       |     1 ||     1
Armor: Robe              |       |     2 ||     2
Dodge: Dodged            |     6 |    13 ||    19

Table legend: (Time is in decaauts)
 A = Elapsed time spent in this place.
 B = Non-inter-level travel time spent in this place.
 C = Inter-level travel time spent in this place.
 D = Time resting spent in this place.
 E = Time spent auto-exploring this place.
 F = Levels seen in this place.
 G = Mean time per level.
                   A        B        C        D        E       F      G
               +--------+--------+--------+--------+--------+-----+--------+
         Total |   4308 |   4213 |     95 |      0 |   3821 |   4 | 1077.0 |
       Dungeon |   4308 |   4213 |     95 |      0 |   3821 |   4 | 1077.0 |
               +--------+--------+--------+--------+--------+-----+--------+

Top non-repeatable levels by time:
     D:3: 1369 daAuts
     D:2: 1225 daAuts
     D:1: 1183 daAuts
     D:4: 530 daAuts
